 Dungeon Crawl Stone Soup version 0.27-a0-909-g0721f30 (webtiles) character file.

Game seed: 6094179245973871062

45 Nithhogg the Skirmisher (level 3, 0/43 HPs)
             Began as a Demonspawn Fighter on Apr 8, 2021.
             Succumbed to Jessica's poison
             ... on level 2 of the Dungeon.
             The game lasted 00:03:00 (1162 turns).

Nithhogg the Skirmisher (Demonspawn Fighter)        Turns: 1162, Time: 00:03:01

Health: 0/43       AC: 21    Str: 17    XL:     3   Next: 42%
Magic:  3/3        EV:  2    Int:  9    God:
Gold:   57         SH:  9    Dex: 12    Spells: 2/2 levels left

rFire    . . .     SeeInvis .   a - +0 long sword
rCold    . . .     Faith    .   c - +0 kite shield
rNeg     + + +     Spirit   .   (armour currently unavailable)
rPois    +         Reflect  .   (helmet currently unavailable)
rElec    .         Harm     .   (cloak currently unavailable)
rCorr    .         Rampage  .   (gloves currently unavailable)
Will     .....     NoTele   +   (boots currently unavailable)
Stlth    +.........             (no amulet)
HPRegen  0.14/turn              (no ring)
MPRegen  0.08/turn              (no ring)

@: lethally poisoned (0 -> -6), tree-form
A: stationary, stasis, torment immunity, boosted hp, (horns 1), powered by death
1
a: no special abilities


You were on level 2 of the Dungeon.
You were a tree.
You visited 1 branch of the dungeon, and saw 2 of its levels.

You collected 57 gold pieces.

Inventory:

Hand Weapons
 a - a +0 long sword (weapon)
 g - a +2 dagger of venom
Armour
 b - a +0 scale mail (melded)
 c - a +0 kite shield (worn)
Scrolls
 j - a scroll of identify
Potions
 d - a potion of might
 e - a potion of berserk rage


   Skills:
 + Level 3.4 Fighting
 + Level 2.2 Long Blades
 + Level 3.1 Armour
 + Level 3.1 Shields


You had 2 spell levels left.
You didn't know any spells.
Your spell library was empty.

Dungeon Overview and Level Annotations

Branches:
Dungeon (2/15)

Altars:


Innate Abilities, Weirdness & Mutations

You are a tree.
Your roots penetrate the ground, keeping you stationary.
You cannot be teleported.
You are immune to unholy pain and torment.
Your maximum health is greatly increased.
Your equipment is partially melded.
((You have a pair of small horns on your head.))
You regenerate a little health from kills.


Message History

You feel extremely sick.
Jessica hits you with a +2 dagger of venom.
You are more poisoned.
* * * LOW HITPOINT WARNING * * *
You feel very sick.
Jessica gestures wildly.
Jessica hits you with a +2 dagger of venom.
* * * LOW HITPOINT WARNING * * *
You bump into the rock wall.
* * * LOW HITPOINT WARNING * * *
You feel very sick. Jessica barely misses you.
You hit Jessica.
You kill Jessica!
You feel less invigorated.
You feel less confused.
* * * LOW HITPOINT WARNING * * *
You feel very sick.
Your Armour skill increases to level 3!
Your Shields skill increases to level 3!
You have reached level 3!
Your experience leads to an increase in your attributes!
Increase (S)trength, (I)ntelligence, or (D)exterity?
You feel stronger.
Your demonic ancestry asserts itself...
A pair of horns grows on your head!
* * * LOW HITPOINT WARNING * * *
You feel very sick.
f - a bubbling dark potion
Things that are here:
a +2 dagger of venom; a +0 robe
* * * LOW HITPOINT WARNING * * *
You feel sick.
g - a +2 dagger of venom
* * * LOW HITPOINT WARNING * * *
You feel sick.
There is a lethal amount of poison in your body!
It was a potion of lignification.
You turn into a tree.
Your +0 scale mail melds into your body.
Your roots penetrate the ground.
You die...

# #.
#.# ##
...
###.#
.. ...#
#.##..#
#..♣.#
###..#
#.....#
####..#
#..#
...#
###.#
#.# #.#


There were no monsters in sight!

Vanquished Creatures
  Jessica (D:2)
  3 endoplasms (D:1)
  2 giant cockroaches
  A goblin (D:1)
  2 hobgoblins (D:1)
  4 ball pythons (D:1)
  A bat (D:1)
  A frilled lizard (D:1)
  4 kobolds (D:1)
  A rat (D:1)
20 creatures vanquished.

Notes
Turn   | Place    | Note
-------+----------+-------------------------------------------
     0 | D:1      | Nithhogg the Demonspawn Fighter began the quest for the
                  | Orb.
     0 | D:1      | Reached XP level 1. HP: 18/18 MP: 1/1
   201 | D:1      | Found a faded altar of an unknown god.
   386 | D:1      | Gained mutation: You regenerate a little health from kills.
                  | [demonic ancestry]
   386 | D:1      | Reached XP level 2. HP: 23/24 MP: 2/2
  1148 | D:2      | Noticed Jessica
  1157 | D:2      | HP: 1/24 [poisoned by Jessica]
  1158 | D:2      | Killed Jessica
  1159 | D:2      | Gained mutation: You have a pair of small horns on your
                  | head. [demonic ancestry]
  1159 | D:2      | Reached XP level 3. HP: 6/29 MP: 3/3
  1162 | D:2      | Succumbed to Jessica's poison

Illustrated notes

Levels and vault maps discovered:
D:1:      dpeg_arrival_ternary, layout_basic, basic_ecumenical_altar
D:2:      minmay_general_purpose_star, layout_loops_ring, serial_glass,
          glass_columns_a, glass_columns_c, feat_on_display, feat_on_display,
          uniq_jessica, uniq_natasha

Skill      XL: |  1  2 |
---------------+-------+-----
Long Blades    | 2 |  2.2
Armour         | 3 |  3.1
Shields        | 3 |  3.1
Fighting       | |  3.4

Action                   || total
-------------------------++-------
Melee: Long sword        ||    79
  Use: Scroll            ||     3
       Potion            ||     3
Armor: Scale mail        ||    29
Dodge: Dodged            ||    39
Block: Kite shield       ||    42
       Rpst.: Long sword ||     9

Table legend: (Time is in decaauts)
 A = Elapsed time spent in this place.
 B = Non-inter-level travel time spent in this place.
 C = Inter-level travel time spent in this place.
 D = Time resting spent in this place.
 E = Time spent auto-exploring this place.
 F = Levels seen in this place.
 G = Mean time per level.
                   A        B        C        D        E       F      G
               +--------+--------+--------+--------+--------+-----+--------+
         Total |   1206 |   1171 |     35 |      0 |    910 |   2 |  603.0 |
       Dungeon |   1206 |   1171 |     35 |      0 |    910 |   2 |  603.0 |
               +--------+--------+--------+--------+--------+-----+--------+

Top non-repeatable levels by time:
     D:1: 1093 daAuts
     D:2: 113 daAuts
